 Dungeon Crawl Stone Soup version 0.26-a0-1139-g7d2dc893a1 (webtiles) character file.

Game seed: 2078261508725969492

467 vvl the Ruffian (level 6, -3/59 HPs)
             Began as a Troll Monk on Dec 22, 2020.
             Killed by divine providence
             ... invoked by an orc priest
              (10 damage)
             ... on level 4 of the Dungeon.
             The game lasted 00:09:06 (3076 turns).

vvl the Ruffian (Troll Monk)                        Turns: 3076, Time: 00:09:06

Health: -3/59      AC:  6    Str: 22    XL:     6   Next: 81%
Magic:  5/5        EV: 10    Int:  6    God:
Gold:   81         SH:  0    Dex: 12    Spells: 5/5 levels left

rFire    . . .     SeeInvis .     - Unarmed
rCold    . . .     Faith    .   (no shield)
rNeg     . . .     Spirit   .   a - +0 robe
rPois    .         Reflect  .   (helmet restricted)
rElec    .         Harm     .   (no cloak)
rCorr    .         Rampage  .   (gloves unavailable)
Will     .....                  (boots unavailable)
Stlth    ++........             (no amulet)
HPRegen  0.59/turn              (no ring)
MPRegen  0.09/turn              (no ring)

@: no status effects
A: large, unfitting armour, claws 3, regeneration 1, shaggy fur 1, tough skin 3
a: no special abilities


You were on level 4 of the Dungeon.
You visited 1 branch of the dungeon, and saw 4 of its levels.

You collected 211 gold pieces.
You spent 130 gold pieces at shops.

Inventory:

Hand Weapons
 w - a +1 vorpal trident
 x - a +2 whip of venom
Missiles
 o - 2 throwing nets (quivered)
 p - 5 large rocks
Armour
 a - a +0 robe (worn)
Jewellery
 j - an uncursed ring of willpower {unknown}
Wands
 u - a wand of iceblast (9)
Scrolls
 b - 6 scrolls of identify {unknown}
 e - 4 scrolls of enchant armour {unknown}
 f - 2 scrolls of teleportation {unknown}
 g - a scroll of immolation {unknown}
 k - a scroll of magic mapping {unknown}
 l - 2 scrolls of remove curse {unknown}
 m - 2 scrolls of noise {unknown}
 n - a scroll of random uselessness {unknown}
 r - 2 scrolls of fear {unknown}
Potions
 c - 2 potions of flight {unknown}
 d - 2 potions of might {unknown}
 h - 3 potions of lignification {unknown}
 i - a potion of ambrosia {unknown}
 s - a potion of haste {unknown}
 t - a potion of attraction {unknown}
 v - a potion of resistance {unknown}


   Skills:
 - Level 2.4 Fighting
 - Level 2.4 Dodging
 - Level 1.0 Stealth
 + Level 7.8 Unarmed Combat


You had 5 spell levels left.
You didn't know any spells.
Your spell library contained the following spells:

 Spells                   Type           Power        Failure   Level
 Corona                   Hex            0%           45%         1
 Ensorcelled Hibernation  Hex/Ice        0%           58%         2
 Confusing Touch          Hex            0%           83%         3
 Dazzling Flash           Conj/Hex       0%           83%         3
 Tukima's Dance           Hex            0%           83%         3


Dungeon Overview and Level Annotations

Branches:
Dungeon (4/15)
 Temple: D:4-7

Altars:
Cheibriados
The Shining One

Shops:
D:4 :}


Innate Abilities, Weirdness & Mutations

You are too large for most types of armour.
You have claws for hands.
Your natural rate of healing is unusually fast.
You are covered in fur. (AC +1)
You have extremely tough skin. (AC +3)


Message History

The worker ant is almost dead.
The worker ant bites you but does no damage.
The orc hits you but does no damage.
The orc priest miscasts a cantrip.
The worker ant bites you.
You barely miss the worker ant.
The worker ant is almost dead.
The worker ant bites you.
* * * LOW HITPOINT WARNING * * *
The orc priest looks braver for a moment.
You claw the worker ant!
You kill the worker ant!
The orc closely misses you.
The orc priest invokes the aid of Beogh against you.
Beogh smites you!
* * * LOW HITPOINT WARNING * * *
The orc priest hits you but does no damage.
The orc priest invokes the aid of Beogh against you.
Beogh smites you!
You die...

### #.# ### ##.### ##.## #....
##...# ###..####.?..#
##.....#.#....# ###o...........##
######.o.)..).........
#....@†o.........##.##
#....oo...........##.o
#...$...............##[
#.........#.......#....
##.#......#......)#.... ###
##########.#...#............
#.####.....## #.###..............
#...........##..##..##.##....#...
.........#...#.......###.........


You could see 3 orc priests and 2 orcs.

Vanquished Creatures
  A hound (D:3)
  A centaur skeleton (D:4)
  An orc wizard (D:4)
  3 worker ants
  Robin (D:3)
  10 adders
  8 gnolls
  A howler monkey skeleton (D:4)
  4 oozes (D:1)
  An adder skeleton (D:4)
  2 worms
  2 dart slugs
  4 leopard geckos
  11 orcs
  9 giant cockroaches
  7 hobgoblins
  6 jackals (D:1)
  3 kobolds
  8 ball pythons
  7 bats
  4 frilled lizards
  15 goblins
  11 rats
120 creatures vanquished.

Notes
Turn   | Place    | Note
-------+----------+-------------------------------------------
     0 | D:1      | vvl the Troll Monk began the quest for the Orb.
     0 | D:1      | Reached XP level 1. HP: 22/22 MP: 0/0
     1 | D:1      | Found a runed translucent door.
   165 | D:1      | Reached XP level 2. HP: 18/29 MP: 1/1
   412 | D:1      | Reached skill level 4 in Unarmed Combat
   415 | D:1      | Reached XP level 3. HP: 36/36 MP: 2/2
   673 | D:2      | Found a faded altar of an unknown god.
   851 | D:2      | Reached XP level 4. HP: 44/44 MP: 3/3
   895 | D:2      | Reached skill level 5 in Unarmed Combat
  1343 | D:2      | Found a glowing golden altar of the Shining One.
  1652 | D:3      | Reached XP level 5. HP: 50/50 MP: 4/4
  1712 | D:3      | Reached skill level 6 in Unarmed Combat
  2140 | D:3      | Noticed Robin
  2226 | D:2      | Reached XP level 6. HP: 25/59 MP: 5/5
  2294 | D:3      | Killed Robin
  2301 | D:3      | Reached skill level 7 in Unarmed Combat
  2381 | D:3      | Found a snail-covered altar of Cheibriados.
  2670 | D:4      | Found Equstron's Gadget Boutique.
  2673 | D:4      | Bought a wand of iceblast (9) for 130 gold pieces
  2675 | D:4      | Found Angisypa's Book Boutique.
  3076 | D:4      | Killed from afar by an orc priest

Illustrated notes

Levels and vault maps discovered:
D:1:      dpeg_arrival_caged_fury, layout_basic
D:2:      layout_loops_corners, tso_oasis_becter,
          chequers_ecumenical_altar_grove, minmay_indecisive_spiral
D:3:      minmay_evil_eye, layout_loops_corners, cheibriados_altar_1,
          minmay_snake_closets, uniq_robin
D:4:      layout_cave_pools, serial_shops, nicolae_shop_crystal, shop, shop,
          kennysheep_mini_moat, minmay_unequal, uniq_grinder

Skill      XL: |  1  2  3  4  5  6 |
---------------+-------------------+-----
Unarmed Combat | 4 5 6 7 |  7.8
Fighting       | |  2.4
Dodging        | |  2.4
Stealth        | |  1.0

Action                   |  1- 3 |  4- 6 || total
-------------------------+-------+-------++-------
Melee: Unarmed           |    79 |   182 ||   261
       Punch             |     1 |     7 ||     8
 Stab: Sleeping          |     1 |    10 ||    11
Armor: Robe              |    21 |    57 ||    78
Dodge: Dodged            |    34 |   109 ||   143

Table legend: (Time is in decaauts)
 A = Elapsed time spent in this place.
 B = Non-inter-level travel time spent in this place.
 C = Inter-level travel time spent in this place.
 D = Time resting spent in this place.
 E = Time spent auto-exploring this place.
 F = Levels seen in this place.
 G = Mean time per level.
                   A        B        C        D        E       F      G
               +--------+--------+--------+--------+--------+-----+--------+
         Total |   3050 |   2977 |     73 |    267 |   2180 |   4 |  762.5 |
       Dungeon |   3050 |   2977 |     73 |    267 |   2180 |   4 |  762.5 |
               +--------+--------+--------+--------+--------+-----+--------+

Top non-repeatable levels by time:
     D:3: 1017 daAuts
     D:2: 990 daAuts
     D:1: 643 daAuts
     D:4: 399 daAuts
